AoeStats
← Tretri

Lombardia

509698049Analyzed
2v2 RM · 5d ago on Sep 27, 2026· 49m 32s· 4 players
Game mode
Random Map
Map size
Medium (4 player)
Population
200
Speed
Normal
Resources
Standard
Victory
Conquest
Starting age
Dark Age
Ending age
Imperial Age
RankedLock teamsTeams togetherTeam positionsShared explorationLock speedFull tech treeHidden civsTurbo modeCheats
Victory
Defeat
🇷🇺 Georgians · Russia
1340
+14
🇺🇦 Magyars · Ukraine
1224
+18
🇪🇸 Italians · Spain
1293
-16
🇪🇸 Lithuanians · Spain
1282
-16
Tretri
6:56 Loom
10:01 Feudal Age
20:06 Castle Age
19:29 Double-Bit Axe
19:25 Horse Collar
19:37 Gold Mining
21:16 Fletching
21:52 Bow Saw
21:46 Husbandry
22:49 Bodkin Arrow
23:56 Bloodlines
25:52 Padded Archer Armor
27:25 Leather Archer Armor
29:14 Wheelbarrow
34:37 Gold Shaft Mining
36:43 Imperial Age
34:34 Elite Skirmisher
36:37 Ballistics
37:40 Bracer
39:33 Conscription
41:00 Ring Archer Armor
41:51 Thumb Ring
43:10 Chemistry
44:12 Hand Cart
43:59 Town Watch
46:15 Recurve Bow
46:47 Stone Mining
47:47 Parthian Tactics
46:50 Heavy Cavalry Archer
47:55 Parthian Tactics
49:30 Masonry
Darksays
7:03 Loom
10:07 Feudal Age
13:05 Double-Bit Axe
18:48 Horse Collar
22:34 Castle Age
21:20 Scale Barding Armor
22:11 Forging
22:22 Bloodlines
24:21 Bow Saw
25:16 Chain Barding Armor
25:25 Gold Mining
28:35 Husbandry
29:58 Iron Casting
29:14 Fletching
29:24 Padded Archer Armor
31:40 Wheelbarrow
31:09 Heavy Plow
33:24 Fletching
33:57 Devotion
34:17 Hand Cart
33:47 Town Watch
34:34 Light Cavalry
35:23 Bodkin Arrow
36:06 Padded Archer Armor
41:13 Ballistics
41:04 Masonry
44:26 Imperial Age
44:41 Town Patrol
45:03 Elite Monaspa
46:28 Plate Barding Armor
46:54 Blast Furnace
45:54 Bracer
46:12 Aznauri Cavalry
47:46 Hussar
Araco
10:49 Loom
12:38 Feudal Age
24:03 Castle Age
22:19 Double-Bit Axe
22:17 Horse Collar
24:31 Gold Mining
26:16 Wheelbarrow
25:56 Bow Saw
28:28 Fletching
28:40 Padded Archer Armor
31:26 Ballistics
31:14 Bodkin Arrow
32:13 Leather Archer Armor
34:02 Hand Cart
36:29 Thumb Ring
36:39 Masonry
39:05 Imperial Age
38:59 Silk Road
40:42 Elite Genoese Crossbowman
41:44 Conscription
42:26 Ring Archer Armor
41:57 Bracer
42:05 Squires
43:50 Fortified Wall
44:11 Architecture
44:08 Scale Mail Armor
44:19 Forging
48:54 Pikeman
Ares (Yi Nation)
9:55 Feudal Age
9:36 Loom
10:38 Double-Bit Axe
14:12 Forging
15:35 Bloodlines
15:47 Horse Collar
22:13 Castle Age
20:34 Gold Mining
21:53 Scale Barding Armor
23:24 Bow Saw
23:54 Husbandry
24:04 Bloodlines
26:01 Chain Barding Armor
37:32 Sanctity
38:10 Wheelbarrow
38:35 Heavy Plow
40:50 Town Watch
42:28 Iron Casting
45:40 Imperial Age
44:00 Hand Cart
44:57 Fletching
46:05 Bodkin Arrow
48:23 Block Printing
Connection lost

Rejoining the realm…

Still unreachable

The connection could not be restored.

Session expired

The server has moved on; the page needs a fresh start.